[Event "Team 45 45 League T30"]
[Site "Internet Chess Club"]
[Date "2006.04.23"]
[Round "5"]
[White "StevieBlunder"]
[Black "Joyoyo"]
[Result "1/2-1/2"]
[WhiteElo "1653"]
[BlackElo "1620"]
[TimeControl "2700+45"]

1. e4 e5 2. Nf3 Nf6 3. d4 Nxe4 4. dxe5 d5 5. exd6 Nxd6 6. Bd3 Be7 7. Be3 Nc6 8.
a3 O-O 9. O-O Be6 10. Nbd2 Bf6 11. Qc1 Re8 12. Ne4 Nxe4 13. Bxe4 Bc4 14. Bxc6
bxc6 15. Rd1 Qe7 16. Re1 a6 17. Bd4 Qd6 18. Bxf6 Qxf6 19. c3 Be2 20. Nd4 Bd3 21.
Qd2 Bg6 22. Rxe8+ Rxe8 23. Re1 Rxe1+ 24. Qxe1 Kf8 25. Qe3 c5 26. Nb3 c4 27. Qc5+
Qd6 28. Qxd6+ cxd6 29. Nd4 Ke7 30. a4 Kd7 31. a5 Bd3 32. f3 f6 33. Kf2 h5 34.
Ke3 Bf1 35. g3 g5 36. f4 Bg2 37. fxg5 fxg5 38. h4 gxh4 39. gxh4 Bh3 40. Ke4 Bg2+
41. Kf5 Bh3+ 42. Kf6 Bg4 43. Kg5 d5 44. Kf4 Kd6 45. Nf5+ Ke6 46. Nd4+ {Game
drawn by mutual agreement} 1/2-1/2  aics%

[Event "Team 45 45 League T30"]
[Site "Internet Chess Club"]
[Date "2006.04.23"]
[Round "5"]
[White "ogoon"]
[Black "rayngrant"]
[Result "1-0"]
[WhiteElo "1694"]
[BlackElo "1625"]
[TimeControl "2700+45"]

1. e4 e5 2. Nf3 Nc6 3. d4 exd4 4. c3 dxc3 5. Nxc3 d6 6. Bc4 Be7 7. Qb3 Be6 8.
Bxe6 fxe6 9. Qxe6 Qd7 10. Qc4 O-O-O 11. O-O Ne5 12. Nxe5 dxe5 13. Be3 Kb8 14.
Rad1 Qe8 15. Nb5 Rc8 16. Nxa7 {Black resigns} 1-0  aics%

[Event "Team 45 45 League T30"]
[Site "Internet Chess Club"]
[Date "2006.04.22"]
[Round "5"]
[White "mfunk"]
[Black "crankn8tr"]
[Result "1/2-1/2"]
[WhiteElo "1543"]
[BlackElo "1616"]
[TimeControl "2700+45"]

1. c4 c5 2. Nc3 Nc6 3. g3 b6 4. Bg2 Bb7 5. Nf3 Rb8 6. O-O Nf6 7. d4 Nxd4 8. Nxd4
Bxg2 9. Kxg2 cxd4 10. Qxd4 e6 11. e4 Bc5 12. Qd3 O-O 13. Bf4 Rc8 14. Rad1 Nh5
15. Qxd7 Nxf4+ 16. gxf4 Qh4 17. f5 Qg4+ 18. Kh1 Qf3+ 19. Kg1 Qg4+ 20. Kh1 {Game
drawn by mutual agreement} 1/2-1/2  aics%

[Event "Team 45 45 League T30"]
[Site "Internet Chess Club"]
[Date "2006.04.23"]
[Round "5"]
[White "gessie7"]
[Black "cwberkey"]
[Result "1-0"]
[WhiteElo "1425"]
[BlackElo "1529"]
[TimeControl "2700+45"]

1. e4 g6 2. Nf3 Bg7 3. Nc3 d6 4. d4 b6 5. Bd2 Bb7 6. Bc4 c5 7. d5 Nd7 8. Qe2 Qc8
9. Bf4 Ngf6 10. e5 Nh5 11. exd6 O-O 12. dxe7 Re8 13. Bg5 f6 14. d6+ Kh8 15. Bh4
Ne5 16. Nxe5 fxe5 17. O-O-O Bc6 18. Bf7 Nf4 19. Qc4 b5 20. Nxb5 Nxg2 21. Nc7
Nxh4 22. Bxe8 Bxe8 23. Nxa8 Qxa8 24. d7 Bxd7 25. Qxh4 Qc6 26. e8=Q+ Bxe8 27. Qd8
Bf6 28. Qb8 Kg7 29. Qxa7+ Bf7 30. Rhe1 Qg2 31. Rd7 Qxf2 32. Rxf7+ Kg8 33. Rd1
Bg5+ 34. Kb1 Qxf7 35. Qxf7+ Kxf7 36. Rd5 Bf4 37. a4 Ke6 38. Rxc5 Kd6 39. Rc4
Bxh2 40. b4 g5 41. a5 h5 42. b5 Bg1 43. b6 g4 44. b7 Ba7 45. Rc8 g3 46. b8=Q+
Bxb8 47. Rxb8 h4 48. Rg8 Kc6 49. a6 Kb6 50. Rg6+ Ka7 51. Kc1 Kb8 52. Kd2 Ka7 53.
Ke3 h3 54. Rxg3 h2 55. Rh3 Kxa6 56. Rxh2 Kb6 57. Rd2 Kc5 58. Ke4 Kc4 59. Rd3 Kc5
60. Kxe5 Kc4 61. Ke4 Kc5 62. Rd4 Kc6 63. c4 Kc5 64. Ke5 Kc6 65. Rd5 Kc7 66. Rd6
Kc8 67. c5 Kc7 68. c6 Kc8 69. Rd7 Kb8 70. c7+ Kc8 71. Ke6 Kb7 72. Ke7 Kc8 73.
Ke8 Kb7 74. Kd8 Kb6 75. c8=Q Ka5 76. Qb8 Ka6 77. Ra7# {Black checkmated} 1-0 
aics%

[Event "Team 45 45 League T30"]
[Site "Internet Chess Club"]
[Date "2006.04.22"]
[Round "5"]
[White "LeifEricson"]
[Black "hansolo1000"]
[Result "1/2-1/2"]
[WhiteElo "1864"]
[BlackElo "1711"]
[TimeControl "2700+45"]

1. c4 Nf6 2. b3 e6 3. Bb2 Be7 4. e3 d5 5. Nf3 O-O 6. Be2 Nbd7 7. Nc3 c5 8. O-O
b6 9. Qc2 Bb7 10. cxd5 exd5 11. Rac1 Rc8 12. d4 Ne4 13. dxc5 Rxc5 14. b4 Rc8 15.
Qa4 Nxc3 16. Bxc3 a6 17. Rfd1 b5 18. Qb3 Bf6 19. Bxf6 Qxf6 20. a4 Rxc1 21. Rxc1
bxa4 22. Qxa4 Qd6 23. Nd4 Ne5 24. Rc5 Nc4 25. Nf5 Qe6 26. Nd4 Qg6 27. Qb3 Rd8
28. Bd3 Qd6 29. Nf5 Qe6 30. Qc3 Ne5 31. f4 d4 32. exd4 Nxd3 33. Qxd3 Qe1+ 34.
Qf1 Qxf1+ 35. Kxf1 Kf8 36. Rc7 Be4 37. Ne7 Rxd4 38. Nc6 Bxc6 39. Rxc6 Rxf4+ 40.
Ke2 Rxb4 41. Rxa6 g6 42. Kf3 Kg7 43. Kg3 h5 44. Kf3 Rc4 45. Kf2 Rc3 46. Rb6 g5
47. Rd6 f6 48. Rd4 Kg6 49. h4 gxh4 50. Rxh4 Kg5 51. Rd4 f5 52. Rb4 h4 53. Rd4 f4
54. Re4 h3 55. gxh3 Rxh3 56. Re8 Kf5 57. Rf8+ Ke4 58. Re8+ Kf5 59. Rf8+ Kg4 60.
Rg8+ Kf5 61. Rf8+ {Game drawn by repetition} 1/2-1/2  aics%

[Event "Team 45 45 League T30"]
[Site "Internet Chess Club"]
[Date "2006.04.25"]
[Round "5"]
[White "GadsHill"]
[Black "scyther314159"]
[Result "0-1"]
[WhiteElo "1556"]
[BlackElo "1597"]
[TimeControl "2700+45"]

1. d4 Nf6 2. c4 c5 3. d5 e6 4. Nf3 exd5 5. cxd5 d6 6. Nc3 g6 7. e4 Bg7 8. Be2
O-O 9. O-O a6 10. a4 Re8 11. Nd2 Nbd7 12. Nc4 Nxe4 13. Nxe4 Rxe4 14. Nxd6 Rd4
15. Qb3 Qf6 16. Ne8 Qe5 17. Nxg7 Kxg7 18. Be3 Rb4 19. Qc3 Rxb2 20. Qxe5+ Nxe5
21. Rfe1 b6 22. a5 Nd7 23. axb6 Rxb6 24. Reb1 Rb4 25. Rxb4 cxb4 26. Bd4+ f6 27.
Bb5 Ne5 28. Bxe5 fxe5 29. d6 Kf7 30. d7 axb5 31. Rxa8 Bxd7 32. Ra2 b3 33. Rb2
Be6 34. Kf1 Kf6 35. Ke2 Kf5 36. Ke3 g5 37. g3 h5 38. h4 Bd5 39. hxg5 Kxg5 40.
Rd2 Bc4 41. Rb2 Kf5 42. Rd2 b4 43. Rb2 Ke6 44. Ke4 Bd5+ 45. Ke3 Kd6 46. Kd3 Kc5
47. Kd2 Kc4 48. Kc1 Kc3 49. Rd2 Be4 50. Rb2 Bc2 {White resigns} 0-1  aics%

[Event "Team 45 45 League T30"]
[Site "Internet Chess Club"]
[Date "2006.04.22"]
[Round "5"]
[White "CSIstephers"]
[Black "Cantemir"]
[Result "0-1"]
[WhiteElo "1370"]
[BlackElo "1520"]
[TimeControl "2700+45"]

1. e4 c5 2. d4 e6 3. Nf3 cxd4 4. Nxd4 Bb4+ 5. Bd2 a5 6. Bc4 Nf6 7. Bd3 e5 8. Nf3
d6 9. Nc3 O-O 10. O-O Bg4 11. Re1 Nc6 12. Be2 Bxc3 13. Bxc3 Nxe4 14. Nxe5 Nxc3
15. Nxc6 Nxe2+ 16. Rxe2 bxc6 17. f3 Qb6+ 18. Kf1 Bh5 19. g4 Bg6 20. f4 f5 21.
gxf5 Bh5 {White resigns} 0-1  aics%

[Event "Team 45 45 League T30"]
[Site "Internet Chess Club"]
[Date "2006.04.25"]
[Round "5"]
[White "Knight77"]
[Black "pokerram"]
[Result "1/2-1/2"]
[WhiteElo "1808"]
[BlackElo "1727"]
[TimeControl "2700+45"]

1. d4 Nf6 2. c4 g6 3. Nc3 d5 4. Nf3 Bg7 5. e3 c5 6. dxc5 Qa5 7. Qa4+ Qxa4 8.
Nxa4 O-O 9. Be2 Bd7 10. Nc3 dxc4 11. Bxc4 Nc6 12. O-O Nb4 13. Bd2 Na6 14. Bxa6
bxa6 15. Rac1 Rfc8 16. b4 Rab8 17. a3 a5 18. Ne5 axb4 19. axb4 Bc6 20. Nxc6 Rxc6
21. Rb1 a6 22. f3 Nd7 23. Nd5 Kf8 24. Bc3 Bxc3 25. Nxc3 Ne5 26. Rfd1 Nc4 27. Kf2
Na3 28. Ra1 Nc2 29. b5 {Game drawn by mutual agreement} 1/2-1/2  aics%

[Event "Team 45 45 League T30"]
[Site "Internet Chess Club"]
[Date "2006.04.22"]
[Round "5"]
[White "Zzasrix"]
[Black "tammany"]
[Result "1/2-1/2"]
[WhiteElo "1542"]
[BlackElo "1516"]
[TimeControl "2700+45"]

1. c4 c5 2. Nf3 g6 3. g3 Nc6 4. Bg2 Bg7 5. Nc3 Nf6 6. O-O d5 7. cxd5 Nxd5 8.
Nxd5 Qxd5 9. Ne1 Qh5 10. Bxc6+ bxc6 11. Qa4 Bb7 12. Nf3 O-O 13. Rb1 e5 14. d3 c4
15. Qxc4 c5 16. Qxc5 Rfc8 17. Qe3 Rc2 18. Bd2 e4 19. Ne1 Rxd2 20. Qxd2 Bh6 21.
Qb4 Rb8 22. dxe4 Qxe2 23. Ng2 Qxe4 24. Qxe4 Bxe4 25. b3 Bxb1 26. Rxb1 a5 27. Ne3
a4 28. f4 axb3 29. axb3 Bg7 30. b4 f5 31. b5 Kf7 32. Kg2 Ke6 33. Kf3 Kd6 34. g4
fxg4+ 35. Kxg4 Kc5 36. h4 Rxb5 37. Rxb5+ Kxb5 38. h5 gxh5+ 39. Kg5 Kc6 40. f5
Kd7 41. Kxh5 Ke8 42. Kg5 Kf7 43. Nd5 Kf8 44. Nf6 Bxf6+ 45. Kxf6 h5 46. Kg5 h4
47. Kxh4 Kf7 48. Kg5 Kg7 49. Kf4 Kf6 50. Ke4 Kf7 51. Ke5 Ke7 52. f6+ Kf7 53. Kf5
Kf8 54. Ke6 Ke8 55. Ke5 Kf7 56. Kf5 Kf8 57. Ke6 Ke8 58. f7+ Kf8 59. Kf6 {Black
stalemated} 1/2-1/2  aics%

[Event "Team 45 45 League T30"]
[Site "Internet Chess Club"]
[Date "2006.04.23"]
[Round "5"]
[White "dougmo"]
[Black "Pawndemonium"]
[Result "1-0"]
[WhiteElo "1523"]
[BlackElo "1420"]
[TimeControl "2700+45"]

1. e4 e5 2. Nf3 Nc6 3. d4 exd4 4. Bc4 h6 5. O-O Bc5 6. c3 dxc3 7. Nxc3 d6 8. h3
Be6 9. Bxe6 fxe6 10. Re1 e5 11. Qb3 Rb8 12. Nd5 Nf6 13. Bd2 Kd7 14. Qd3 Nxd5 15.
Qxd5 Qf6 16. Be3 Bxe3 17. Rxe3 Rhf8 18. Re2 g5 19. a3 h5 20. Rd1 g4 21. hxg4
hxg4 22. Nh2 Qg6 23. Rd3 Rh8 24. f3 g3 25. Ng4 Rbe8 26. Rc2 Kc8 27. Rxc6 bxc6
28. Qxc6 Qg5 29. Rc3 Rh7 30. Qxe8+ Kb7 31. Rb3+ {Black resigns} 1-0  aics%

[Event "Team 45 45 League T30"]
[Site "Internet Chess Club"]
[Date "2006.04.22"]
[Round "5"]
[White "Relapse"]
[Black "Two-DogMan"]
[Result "0-1"]
[WhiteElo "1389"]
[BlackElo "1313"]
[TimeControl "2700+45"]

1. Nf3 Nc6 2. c4 e5 3. Nc3 Bc5 4. a3 a5 5. e3 Nf6 6. d4 exd4 7. exd4 Ba7 8. d5
Ne7 9. Nh4 d6 10. Be2 Ng6 11. Nxg6 hxg6 12. Bg5 Qe7 13. O-O Qe5 14. g3 Qxg5 15.
Re1 Kf8 16. b4 Ng4 17. Ne4 Qh6 18. h4 Nxf2 19. Nxf2 Qe3 20. Bf1 Qxf2+ {White
resigns} 0-1  aics%

[Event "Team 45 45 League T30"]
[Site "Internet Chess Club"]
[Date "2006.04.23"]
[Round "5"]
[White "elnik"]
[Black "searchforbobby1"]
[Result "0-1"]
[WhiteElo "1933"]
[BlackElo "2110"]
[TimeControl "2700+45"]

1. d4 f5 2. g3 Nf6 3. Bg2 e6 4. c4 d5 5. cxd5 exd5 6. Nc3 c6 7. Nf3 Bd6 8. O-O
O-O 9. e3 Qe8 10. a3 Nbd7 11. b4 a6 12. Qb3 Qh5 13. a4 Ne4 14. Bb2 Rf6 15. b5
Rh6 16. bxc6 bxc6 17. Nxd5 Qf7 {White resigns} 0-1  aics%

[Event "Team 45 45 League T30"]
[Site "Internet Chess Club"]
[Date "2006.04.23"]
[Round "5"]
[White "Burning-Bush"]
[Black "azbycx"]
[Result "1-0"]
[WhiteElo "2084"]
[BlackElo "1836"]
[TimeControl "2700+45"]

1. d4 Nf6 2. c4 e6 3. a3 b6 4. Nc3 Bb7 5. d5 exd5 6. cxd5 Be7 7. Nf3 O-O 8. g3
a5 9. Bg2 Na6 10. O-O Nc5 11. Nd4 Re8 12. b3 Bf8 13. Qc2 g6 14. Rd1 d6 15. Rb1
Bg7 16. b4 axb4 17. axb4 Na6 18. h3 Re7 19. Bf4 Qd7 20. Qd2 Rae8 21. Re1 Ne4 22.
Nxe4 Rxe4 23. Bxe4 Rxe4 24. Nf3 Rc4 25. Rec1 Rxc1+ 26. Rxc1 Qxh3 27. Ng5 Qg4 28.
f3 Qf5 29. Rd1 h5 30. Kg2 Qd7 31. e4 Bc8 32. Be3 Bf6 33. Rh1 Qb5 34. Rb1 Qc4 35.
Rc1 Qb5 36. Rc2 Qd7 37. Kf2 Qb5 38. Bd4 Bd8 39. Qf4 Qe8 40. Kg2 Qe7 41. Nh3 Qd7
42. Nf2 Nxb4 43. Qh6 f6 44. Qxg6+ Qg7 45. Qe8+ Qf8 46. Qxf8+ Kxf8 47. Rc4 Na6
48. Nd3 Bd7 49. Nf4 h4 50. gxh4 Kf7 51. Kg3 b5 52. Rc1 b4 53. Nd3 Bb5 54. Nf4
Bd7 55. h5 Kg7 56. Ne6+ Bxe6 57. dxe6 c5 58. Bb2 Nc7 59. Ra1 Nxe6 60. Ra7+ Kh6
61. Kg4 c4 62. Rd7 c3 63. Bc1+ Ng5 64. Rxd8 b3 65. Rxd6 b2 66. Bxb2 cxb2 67.
Rxf6+ {Black resigns} 1-0  aics%

[Event "Team 45 45 League T30"]
[Site "Internet Chess Club"]
[Date "2006.04.24"]
[Round "5"]
[White "alexcolins"]
[Black "PaulKaspar"]
[Result "0-1"]
[WhiteElo "1782"]
[BlackElo "1877"]
[TimeControl "2700+45"]

1. d4 d5 2. Nf3 Nf6 3. e3 e6 4. Bd3 Be7 5. O-O O-O 6. b3 Nbd7 7. Bb2 c5 8. Nbd2
cxd4 9. exd4 b6 10. Re1 Bb7 11. Ne5 Rc8 12. Rc1 Nxe5 13. dxe5 Nd7 14. Re3 Nc5
15. Bxh7+ Kxh7 16. Qh5+ Kg8 17. Rh3 f5 18. exf6 Bxf6 19. Qh7+ Kf7 20. Bxf6 Kxf6
21. Rf3+ Ke7 22. Qxg7+ Kd6 23. Rd1 Rg8 24. Nc4+ Kc6 25. Ne5+ Kb5 26. c4+ dxc4
27. bxc4+ Ka4 28. Rxd8 Rcxd8 29. Rd3 Rxd3 30. Nxd3 Rxg7 {White resigns} 0-1 
aics%

[Event "Team 45 45 League T30"]
[Site "Internet Chess Club"]
[Date "2006.04.25"]
[Round "5"]
[White "viking99"]
[Black "deathmage"]
[Result "1-0"]
[WhiteElo "1804"]
[BlackElo "1719"]
[TimeControl "2700+45"]

1. e4 e6 2. d4 d5 3. Nc3 Bb4 4. e5 c5 5. a3 Bxc3+ 6. bxc3 cxd4 7. cxd4 Nc6 8.
Qg4 g6 9. Bd3 Nge7 10. Ne2 Nf5 11. Bd2 Bd7 12. c3 a6 13. Bg5 Qc7 14. Bf6 Rg8 15.
Bxf5 exf5 16. Qg3 Be6 17. h4 Na5 18. f4 h5 19. Kf2 Nc4 20. Qd3 Kd7 21. Rhb1 Rgc8
22. Rb3 b5 23. a4 bxa4 24. Rxa4 Rcb8 25. Rxb8 Qxb8 26. Rb4 Qc7 27. Qd1 a5 28.
Qa4+ Qc6 29. Rb7+ {Black resigns} 1-0  aics%

[Event "Team 45 45 League T30"]
[Site "Internet Chess Club"]
[Date "2006.04.23"]
[Round "5"]
[White "NFork"]
[Black "Zillmer"]
[Result "1-0"]
[WhiteElo "2172"]
[BlackElo "1887"]
[TimeControl "2700+45"]

1. e4 e6 2. d4 d5 3. e5 c5 4. c3 Nc6 5. Nf3 Bd7 6. Be2 f6 7. exf6 Nxf6 8. O-O
Bd6 9. Be3 cxd4 10. cxd4 O-O 11. Nc3 Be8 12. Ng5 Qe7 13. f4 h6 14. Nh3 a6 15.
Nf2 b5 16. Rc1 Rc8 17. a4 b4 18. Nb1 a5 19. Nd2 Bg6 20. Nb3 Qa7 21. Bd3 Bxd3 22.
Qxd3 Ne7 23. g4 Nd7 24. Qd2 Nb6 25. Nd3 Nc4 26. Qe2 Qd7 27. Nbc5 Bxc5 28. Nxc5
Qd6 29. b3 Nxe3 30. Qxe3 Rf6 31. Rce1 Kf7 32. Qe5 Qc6 33. f5 {Black resigns} 1-0
 aics%

[Event "Team 45 45 League T30"]
[Site "Internet Chess Club"]
[Date "2006.04.24"]
[Round "5"]
[White "Sergio56"]
[Black "NoLuckOnlySkill"]
[Result "0-1"]
[WhiteElo "1898"]
[BlackElo "1913"]
[TimeControl "2700+45"]

1. b3 d5 2. f4 c5 3. Nf3 Nc6 4. e3 a6 5. Bb2 Nf6 6. Be2 g6 7. Bxf6 exf6 8. c4 d4
9. exd4 Nxd4 10. Nc3 Be6 11. O-O Bg7 12. Nxd4 Qxd4+ 13. Kh1 O-O-O 14. Bf3 f5 15.
Bd5 Bxd5 16. cxd5 Rhe8 17. Rc1 Kb8 18. Qc2 Bh6 19. g3 Bg7 20. a3 Rxd5 21. Rcd1
Qd3 22. Qc1 b5 23. Kg2 Bxc3 24. dxc3 Re2+ 25. Kh3 Rd2 26. Rde1 Qc2 27. Qxc2 Rxc2
28. Rf3 Rdd2 29. Kh4 Ra2 30. b4 Rxa3 31. bxc5 b4 32. Rfe3 Rxc3 33. Re7 Rxc5 34.
Rxf7 Rc7 35. Re8+ Kb7 36. Rff8 Kb6 37. Re5 b3 38. Re3 Rxh2+ 39. Kg5 b2 40. Rb8+
Kc5 41. Kf6 Kd4 42. Reb3 a5 {White resigns} 0-1  aics%

[Event "Team 45 45 League T30"]
[Site "Internet Chess Club"]
[Date "2006.04.23"]
[Round "5"]
[White "NFK"]
[Black "bahus"]
[Result "0-1"]
[WhiteElo "1579"]
[BlackElo "1869"]
[TimeControl "2700+45"]

1. e4 e5 2. Nf3 Nf6 3. d4 Nxe4 4. Bd3 d5 5. Nxe5 Nd7 6. Qe2 Nxe5 7. Bxe4 dxe4 8.
Qxe4 Bd6 9. dxe5 O-O 10. Bf4 Re8 11. O-O Qh4 12. Re1 Bd7 13. Nd2 Bc6 14. Qe3 Bc5
15. Qg3 Qh5 16. e6 fxe6 17. Re5 Bxf2+ 18. Qxf2 Qg6 19. Nb3 Rf8 20. g3 Rf6 21.
Qd2 Raf8 22. Rg5 Qe4 23. Re1 Qh1+ 24. Kf2 Qg2+ 25. Ke3 Qe4+ 26. Kf2 Rxf4+ 27.
gxf4 Rxf4+ {White resigns} 0-1  aics%

[Event "Team 45 45 League T30"]
[Site "Internet Chess Club"]
[Date "2006.04.23"]
[Round "5"]
[White "A-Ru"]
[Black "StrayLite"]
[Result "1-0"]
[WhiteElo "1824"]
[BlackElo "1964"]
[TimeControl "2700+45"]

1. d4 Nf6 2. Nf3 e6 3. Bg5 h6 4. Bh4 c5 5. e3 cxd4 6. exd4 Be7 7. c3 O-O 8. Bd3
b6 9. O-O Bb7 10. Nbd2 Nc6 11. Re1 d6 12. Rc1 Nd5 13. Bxe7 Qxe7 14. Bb1 Nf4 15.
Qc2 g6 16. Qe4 Qf6 17. Qe3 d5 18. g3 Nh3+ 19. Kg2 Ng5 20. Ng1 Kg7 21. f4 Nh7 22.
Ndf3 Rfd8 23. Ne5 Ne7 24. g4 Ng8 25. Qg3 Kf8 26. Rf1 Qg7 27. f5 gxf5 28. gxf5
Qxg3+ 29. hxg3 exf5 30. Bxf5 Ng5 31. Nh3 f6 32. Nxg5 hxg5 33. Ng4 Rd6 34. Rf3
Bc8 35. Rcf1 Bxf5 36. Rxf5 Kg7 37. Re1 Nh6 38. Nxh6 Kxh6 39. Re7 Kg6 40. g4 a6
41. Rf1 Rh8 42. Rfe1 Rh7 43. R7e6 Rhd7 44. R1e3 Kf7 45. Re8 Kg6 46. Rh8 Rh7 47.
Ra8 a5 48. Ree8 Rf7 49. Rad8 Rfd7 50. Rxd7 Rxd7 51. Re6 b5 52. Rb6 b4 53. cxb4
axb4 54. Rxb4 Rd6 55. a4 f5 56. a5 Kf6 57. Rb6 Ke6 58. gxf5+ Kd7 59. Rxd6+ Kxd6
60. a6 Kc6 61. f6 {Black resigns} 1-0  aics%

[Event "Team 45 45 League T30"]
[Site "Internet Chess Club"]
[Date "2006.04.24"]
[Round "5"]
[White "FatManMGS2"]
[Black "Kingofknights"]
[Result "1-0"]
[WhiteElo "1916"]
[BlackElo "1626"]
[TimeControl "2700+45"]

1. e4 c6 2. d4 d5 3. e5 Bf5 4. g4 Bd7 5. Bg2 e6 6. Be3 Qb6 7. Qc1 c5 8. Ne2 Nc6
9. c3 cxd4 10. Bxd4 Nxd4 11. Nxd4 Rc8 12. O-O h5 13. g5 g6 14. Nd2 h4 15. h3 Ne7
16. N2f3 Nc6 17. Qd2 Nxd4 18. cxd4 Bb4 19. Qf4 Be7 20. b3 Rh5 21. Rfc1 Rxc1+ 22.
Rxc1 Bc6 23. Bf1 a6 24. Bd3 Qd8 25. Kh2 Rxg5 26. Bxa6 Rf5 27. Qe3 Bg5 28. Nxg5
Qxg5 29. Qxg5 Rxg5 30. Bd3 Kd7 31. a4 Ke7 32. a5 f5 33. a6 Rh5 34. b4 Rh8 35. b5
Bd7 36. Rc7 bxa6 37. bxa6 Rc8 38. a7 Rxc7 39. a8=Q Rc8 40. Qa3+ Kf7 41. Qa7 Kg8
42. Qxd7 {Black resigns} 1-0  aics%

[Event "Team 45 45 League T30"]
[Site "Internet Chess Club"]
[Date "2006.04.23"]
[Round "5"]
[White "StevieBlunder"]
[Black "chsrules88"]
[Result "1/2-1/2"]
[WhiteElo "1655"]
[BlackElo "1891"]
[TimeControl "2700+45"]

1. e4 e5 2. Nf3 Nc6 3. Bb5 a6 4. Ba4 Nf6 5. d3 b5 6. Bb3 h6 7. Nbd2 Bc5 8. Nf1
d6 9. Be3 Bxe3 10. Nxe3 Ng4 11. Bd5 Nxe3 12. Bxc6+ Bd7 13. Bxd7+ Qxd7 14. fxe3
O-O 15. O-O Qe6 16. Nd2 a5 17. c3 a4 18. b3 a3 19. Qh5 Rad8 20. Rf3 d5 21. exd5
Rxd5 22. e4 Rd7 23. Nf1 Rfd8 24. Rd1 Qb6+ 25. Kh1 Qe6 26. Ng3 c6 27. Qf5 Qd6 28.
Ne2 Qe7 29. d4 Qe8 30. Rfd3 Rd6 31. d5 Rf6 32. Qh3 cxd5 33. Qe3 d4 34. cxd4 exd4
35. Rxd4 Rc8 36. Ng1 Rfc6 37. Qh3 Rc2 38. R4d2 Qxe4 39. Rd8+ Rxd8 40. Rxd8+ Kh7
41. Re8 Qg6 42. Re2 Rxe2 43. Nxe2 Qb1+ 44. Ng1 Qxa2 45. Qf5+ Kh8 46. Qc8+ Kh7
47. Qf5+ Kg8 48. Qc8+ Kh7 49. Qf5+ {Game drawn by repetition} 1/2-1/2  aics%

[Event "Team 45 45 League T30"]
[Site "Internet Chess Club"]
[Date "2006.04.21"]
[Round "5"]
[White "Fineas-Fogg"]
[Black "az2112"]
[Result "0-1"]
[WhiteElo "1445"]
[BlackElo "1736"]
[TimeControl "2700+45"]

1. e4 c5 2. Nf3 Nc6 3. d3 d6 4. g3 g6 5. Bg2 Bg7 6. Nbd2 e6 7. a4 Nge7 8. O-O
O-O 9. Qe2 Bd7 10. c3 Qc7 11. Re1 e5 12. Nc4 a6 13. a5 Rad8 14. Nh4 Kh8 15. f4
f5 16. exf5 gxf5 17. Bxc6 Nxc6 18. fxe5 dxe5 19. Bg5 Bf6 20. Bxf6+ Rxf6 21. b4
cxb4 22. cxb4 Nd4 23. Qxe5 Qxe5 24. Rxe5 f4 25. Rf1 f3 26. Rd5 Ne2+ 27. Kh1 f2
28. Ne5 Bc6 29. Nxc6 Rxd5 30. Ne7 Rxd3 31. Kg2 Nd4 32. Nd5 Rd6 33. Nf4 Rd2 34.
Rxf2 Rxf2+ 35. Kxf2 Nc6 36. Nf5 Rd2+ 37. Kg1 h5 38. Nxh5 Nxb4 39. Nf6 Nc6 40. h4
Nd4 41. Nxd4 Rxd4 42. Kg2 Ra4 43. g4 Kg7 44. Nh5+ Kf7 45. Kg3 Rxa5 46. g5 Rb5
47. Nf4 a5 48. Kg4 Rb4 49. Kf5 a4 50. g6+ Kg8 51. Kg5 a3 52. Nd3 Rb5+ 53. Kh6 a2
{White resigns} 0-1  aics%  LeBot(C)(340): A collection of lessons given to
Lechessclub by various teachers are available for download at
http://lechess.com/PGN_Files.html aics%

[Event "Team 45 45 League T30"]
[Site "Internet Chess Club"]
[Date "2006.04.24"]
[Round "5"]
[White "Lipsome123"]
[Black "PublisherKing"]
[Result "0-1"]
[WhiteElo "1844"]
[BlackElo "1955"]
[TimeControl "2700+45"]

1. e4 c6 2. d4 d5 3. e5 Bf5 4. Nc3 e6 5. g4 Bg6 6. Nge2 Ne7 7. h4 h5 8. Nf4 hxg4
9. Nxg6 Nxg6 10. Qxg4 Rxh4 11. Rxh4 Qxh4 12. Qxh4 Nxh4 13. Ne2 Nd7 14. Be3 Nf3+
15. Kd1 c5 16. c3 f6 17. Nf4 cxd4 18. cxd4 fxe5 19. Nxe6 Kf7 20. Nxf8 Kxf8 21.
dxe5 Ndxe5 22. Rc1 d4 23. Bf4 g5 24. Bxe5 Nxe5 25. Rc7 Rb8 26. Kd2 a6 27. Rc5
Nf3+ 28. Kd3 Ke7 29. Be2 Kd6 30. Rc2 Ne1+ {White resigns} 0-1  aics%

[Event "Team 45 45 League T30"]
[Site "Internet Chess Club"]
[Date "2006.04.29"]
[Round "5"]
[White "kabindra"]
[Black "QuantumWell"]
[Result "1/2-1/2"]
[WhiteElo "1833"]
[BlackElo "1976"]
[TimeControl "2700+45"]

1. e4 e5 2. Nf3 Nf6 3. d4 Nxe4 4. Nxe5 d6 5. Nf3 Nc6 6. d5 Ne5 7. Nxe5 dxe5 8.
Bc4 Nxf2 9. Kxf2 Qh4+ 10. g3 Bc5+ 11. Be3 Bxe3+ 12. Kxe3 Qxc4 13. Qd3 Qc5+ 14.
Kd2 Qf2+ 15. Kc1 Bf5 16. Qd2 Qf3 17. Re1 f6 18. b3 O-O-O 19. Nc3 c6 20. Re3 Qh5
21. Kb2 Rd6 22. Rd1 Rhd8 23. Qe1 Bg4 24. Rdd3 Qxh2 25. Rd2 Qh6 26. Rdd3 Bf5 27.
Rd1 a6 28. Na4 cxd5 29. Rc3+ Kb8 30. Rc5 d4 31. Qb4 Qh5 32. Rd2 d3 33. Rc3 Rd4
34. Qb6 Qg5 35. Qc7+ Ka7 36. Qc5+ Kb8 37. Qc7+ Ka8 38. Nb6+ Ka7 39. Qc5 Kb8 40.
Qc7+ Ka7 41. Qc5 Kb8 42. Qc7+ Ka7 43. Qc5 Kb8 44. Qc7+ {Game drawn by
repetition} 1/2-1/2  aics%

[Event "Team 45 45 League T30"]
[Site "Internet Chess Club"]
[Date "2006.04.20"]
[Round "5"]
[White "Theodulf"]
[Black "NESKAYA"]
[Result "0-1"]
[WhiteElo "1676"]
[BlackElo "1665"]
[TimeControl "2700+45"]

1. e4 e5 2. Nf3 Nf6 3. Nxe5 d6 4. Nf3 Nxe4 5. d3 Nf6 6. d4 d5 7. Bd3 Bd6 8. O-O
O-O 9. Nc3 c6 10. Re1 Bg4 11. h3 Bh5 12. Bg5 Nbd7 13. Bf5 Qc7 14. Bxd7 Nxd7 15.
g4 Bg6 16. Qd2 h6 17. Be3 Bb4 18. a3 Bxc3 19. Qxc3 Rfe8 20. Qd2 Be4 21. Bf4 Qb6
22. Nh4 Qxb2 23. f3 Bh7 24. g5 Rxe1+ 25. Rxe1 Qxc2 26. Qe3 Qd3 27. Qxd3 Bxd3 28.
gxh6 gxh6 29. Re7 Nf8 30. Bxh6 b6 31. Kg2 Ne6 32. Be3 Kf8 33. Rb7 Ba6 34. Rd7
Ke8 35. Rd6 Rc8 36. Nf5 Bd3 37. Rxe6+ fxe6 38. Nd6+ Kd7 39. Nxc8 Kxc8 40. Kg3
Kd7 41. Kf4 Ke7 42. h4 a5 43. h5 Kf6 44. h6 b5 45. Bd2 a4 46. Bb4 Be2 47. Bf8
Kg6 48. Ke5 Bxf3 49. Kxe6 Be4 50. Kd6 Kf7 51. Bg7 b4 52. axb4 a3 53. Kxc6 a2 54.
b5 a1=Q 55. Kb7 Qa4 56. b6 Qd7+ 57. Ka8 Bd3 58. Be5 Ba6 {White resigns} 0-1 
aics%

[Event "Team 45 45 League T30"]
[Site "Internet Chess Club"]
[Date "2006.04.20"]
[Round "5"]
[White "Ingo"]
[Black "clarnibass"]
[Result "1/2-1/2"]
[WhiteElo "1676"]
[BlackElo "1710"]
[TimeControl "2700+45"]

1. e4 e6 2. d4 d5 3. Nd2 Nf6 4. e5 Nfd7 5. Bd3 c5 6. c3 Nc6 7. Ne2 cxd4 8. cxd4
f6 9. Nf4 Nxd4 10. Qh5+ Ke7 11. exf6+ Nxf6 12. Ng6+ hxg6 13. Qxh8 Kf7 14. Qh4 e5
15. Nf3 Nxf3+ 16. gxf3 Bf5 17. Bxf5 gxf5 18. O-O Rc8 19. Qa4 Qb6 20. Bg5 d4 21.
Kh1 Qc6 22. Qb3+ Qd5 23. Bxf6 Qxb3 24. axb3 Kxf6 25. Rxa7 Rc7 26. Rd1 {Game
drawn by mutual agreement} 1/2-1/2  aics%

[Event "Team 45 45 League T30"]
[Site "Internet Chess Club"]
[Date "2006.04.24"]
[Round "5"]
[White "Guasto"]
[Black "JustinSane"]
[Result "0-1"]
[WhiteElo "2043"]
[BlackElo "2211"]
[TimeControl "2700+45"]

1. e4 e6 2. d4 d5 3. Nd2 Be7 4. Bd3 Nf6 5. e5 Nfd7 6. f4 c5 7. c3 Nc6 8. Ndf3 f6
9. Ne2 fxe5 10. fxe5 O-O 11. O-O Qb6 12. Kh1 a5 13. Qc2 h6 14. Bh7+ Kh8 15. Qg6
Ndxe5 16. dxe5 Nxe5 17. Nxe5 Rxf1+ 18. Ng1 c4 19. Nf7+ Rxf7 20. Qxf7 Qd8 21. Bc2
Qf8 22. Qg6 Qg8 23. Bxh6 Bd7 24. Bg5 Be8 25. Bxe7 Bxg6 26. Bxg6 e5 27. Ba3 Qe6
28. Bc2 d4 29. Be4 Rd8 30. Rf1 d3 31. Nf3 Qg4 32. Bxb7 d2 33. Rd1 e4 34. h3 Qf4
35. Nd4 Rxd4 36. cxd4 e3 37. Bf3 Qxf3 {White resigns} 0-1  aics%